 Dungeon Crawl Stone Soup version 0.24.0-13-gcf9b3192b9 (webtiles) character file.

Game seed: 11704717016648679298, levelgen mode: deterministic

235 mopl the Sneak (level 6, -1/48 HPs)
             Began as a Gargoyle Enchanter on Nov 8, 2019.
             Slain by a centaur (6 damage)
             ... on level 5 of the Dungeon.
             The game lasted 00:08:36 (4488 turns).

mopl the Sneak (Gargoyle Enchanter)                 Turns: 4488, Time: 00:08:37

Health: -1/48      AC: 23    Str: 11    XL:     6   Next: 5%
Magic:  0/11       EV:  2    Int: 18    God:
Gold:   191        SH:  0    Dex: 10    Spells: 2/11 levels left

rFire    . . .     SeeInvis +   (no weapon)
rCold    . . .     Gourm    .   (no shield)
rNeg     + + +     Faith    .   (armour currently unavailable)
rPois    ∞         Spirit   .   (helmet currently unavailable)
rElec    .         Reflect  .   (cloak currently unavailable)
rCorr    .         Harm     .   (gloves currently unavailable)
MR       +....     NoTele   +   (boots currently unavailable)
Stlth    +++.......             (no amulet)
HPRegen  0.16/turn              y - ring of protection from magic
MPRegen  0.12/turn              m - ring of see invisible

@: tree-form
A: negative energy resistance 1, petrification resistance, rot immunity, AC +4
a: no special abilities


You were on level 5 of the Dungeon.
You were not hungry.
You were a tree.
You visited 1 branch of the dungeon, and saw 5 of its levels.

You collected 191 gold pieces.

Inventory:

Hand Weapons
 a - a +1 dagger
Missiles
 i - 7 javelins
 v - 16 poisoned darts (quivered)
 x - 6 silver boomerangs
Armour
 b - a +0 robe (melded)
 h - a +0 pair of boots (melded)
 j - a +0 shield
 k - a +0 helmet (melded)
Jewellery
 m - a ring of see invisible (right branch)
 y - a ring of protection from magic (left branch)
Wands
 u - a wand of random effects (16)
 D - a wand of iceblast (5)
 F - a wand of acid (6)
Scrolls
 e - 3 scrolls of blinking {unknown}
 g - 2 scrolls of enchant armour {unknown}
 l - 2 scrolls of remove curse {unknown}
 o - a scroll of fog {unknown}
 t - a scroll of teleportation {unknown}
 z - a scroll of immolation {unknown}
 A - a scroll of enchant weapon {unknown}
 B - 2 scrolls of amnesia {unknown}
Potions
 d - a potion of mutation
 f - 3 potions of curing {unknown}
 n - 2 potions of resistance {unknown}
 p - a potion of ambrosia
 q - 2 potions of might {unknown}
 r - 2 potions of agility {unknown}
 w - a potion of cancellation
 C - 2 potions of degeneration {unknown}
 E - a potion of magic {unknown}
Comestibles
 c - 4 rations


   Skills:
 - Level 0.8 Short Blades
 - Level 1.5 Dodging
 * Level 5.0 Stealth
 * Level 3.3 Spellcasting
 + Level 1.4 Conjurations
 * Level 3.8 Hexes
 + Level 1.3 Ice Magic


You had 2 spell levels left.
You knew the following spells:

 Your Spells              Type           Power        Failure   Level  Hunger
a - Corona                Hex            ###....      3%          1    None
b - Ensorcelled Hibernat  Hex/Ice        ##....       9%          2    ##.....
c - Confuse               Hex            ###.....     10%         3    ###....
g - Dazzling Spray        Conj/Hex       ##....       16%         3    ###....

Your spell library contained the following spells:

 Spells                   Type           Power        Failure   Level  Hunger
 Animate Skeleton         Necr           N/A          16%         1    None
 Pain                     Necr           #...         16%         1    None
 Tukima's Dance           Hex            ###.....     10%         3    ###....
 Regeneration             Chrm/Necr      #.........   43%         3    ###....
 Vampiric Draining        Necr           #.........   43%         3    ###....
 Animate Dead             Necr           N/A          83%         4    ####...


Dungeon Overview and Level Annotations

Branches:
Dungeon (5/15)
 Temple: D:4-7

Altars:
Fedhas
Makhleb

Annotations:
D:5 Dowan, Duvessa


Innate Abilities, Weirdness & Mutations

You are resistant to torment.
((Your stone body is resilient. (AC +4)))
You are immune to poison.
You resist negative energy. (rN+)
((You are resistant to electric shocks. (rElec)))
((You can survive without breathing.))
You are immune to petrification.
You are immune to rotting.


Message History

Okay, then.
Unknown command.
Unknown command.
You are now empty-handed.
The centaur hits you.
* * * LOW HITPOINT WARNING * * *
Unknown command.
You hit the centaur but do no damage.
The centaur is almost dead.
The orc wizard looks braver for a moment.
The centaur hits you but does no damage.
You barely miss the centaur.
The centaur is almost dead.
The centaur hits you but does no damage.
The orc wizard looks satisfied for a moment.
The centaur hits you but does no damage.
You hit the centaur but do no damage.
The centaur is almost dead.
Dowan casts a spell.
Dowan blinks!
The centaur hits you.
You die...

#.....# #.....# ..<..... #.....##
......... .......# #........
......###...... . #o....#.......
. #oo...#....#.###.
#########coe§.#....#.....
#.......♣###.##........).
####........###.###.........
.......!.............>....#.
#########........####.##.......##
.......##........# #..###......e
♣##.##♣.#........# ##.# #.#####.
##..(##.#........# ..e... ...
#.♣.♣.#.#....###.... ..##.######
#..<..#.#....# .... .e.##.# #


You could see Duvessa, a centaur, 2 orc wizards and 2 orcs.

Vanquished Creatures
  Jessica (D:3)
  A worker ant (D:5)
  Ijyb (D:3)
  A hound skeleton (D:5)
  4 gnolls (D:3)
  3 adders
  3 worms
  A leopard gecko (D:1)
  4 orcs
  5 giant cockroaches
  9 goblins
  5 hobgoblins
  6 jackals
  2 quokkas
  11 bats
  4 frilled lizards
  A giant cockroach zombie (D:5)
  7 kobolds
  4 rats
73 creatures vanquished.

Notes
Turn   | Place    | Note
-------+----------+-------------------------------------------
     0 | D:1      | mopl the Gargoyle Enchanter began the quest for the Orb.
     0 | D:1      | Reached XP level 1. HP: 10/10 MP: 3/3
   288 | D:1      | Reached XP level 2. HP: 15/15 MP: 5/5
   292 | D:1      | Learned a level 2 spell: Ensorcelled Hibernation
   839 | D:2      | Reached XP level 3. HP: 6/19 MP: 3/6
  1165 | D:2      | Reached skill level 4 in Stealth
  1221 | D:2      | Learned a level 3 spell: Dazzling Spray
  1720 | D:2      | Found a burning altar of Makhleb.
  1970 | D:3      | Reached XP level 4. HP: 23/24 MP: 7/7
  2443 | D:3      | Noticed Jessica
  2450 | D:3      | Killed Jessica
  2626 | D:3      | Reached XP level 5. HP: 28/28 MP: 4/9
  2639 | D:3      | Reached skill level 1 in Conjurations
  2639 | D:3      | Reached skill level 1 in Ice Magic
  2818 | D:3      | Learned a level 3 spell: Confuse
  3021 | D:3      | Noticed Ijyb
  3037 | D:3      | Killed Ijyb
  3754 | D:4      | Found a blossoming altar of Fedhas.
  3999 | D:5      | Entered Level 5 of the Dungeon
  4036 | D:5      | Noticed Duvessa
  4046 | D:5      | Noticed Dowan
  4448 | D:5      | Reached skill level 5 in Stealth
  4448 | D:5      | Reached XP level 6. HP: 29/32 MP: 9/11
  4488 | D:5      | Slain by a centaur

Levels and vault maps discovered:
D:1:      wander_arrival_fairy_ring, layout_loops_ring,
          wad_floor_pattern_untrapped, kennysheep_minor_cross
D:2:      layout_basic, overflow_temple_1_default, first_ration,
          minmay_goblin_outpost
D:3:      layout_basic, uniq_jessica, uniq_ijyb
D:4:      layout_basic, fedhas_altar_1
D:5:      layout_basic, grunt_ministairs_11, uniq_duvessa

Skill      XL: |  1  2  3  4  5 |
---------------+----------------+-----
Hexes          | 3 |  3.8
Stealth        | 4 5 |  5.0
Spellcasting   | 3 |  3.3
Conjurations   | 1 |  1.4
Ice Magic      | 1 |  1.3
Short Blades   | |  0.8
Dodging        | |  1.5

Action                   |  1- 3 |  4- 6 || total
-------------------------+-------+-------++-------
Melee: Dagger            |   135 |   210 ||   345
       Unarmed           |       |     3 ||     3
Throw: Dart              |       |    13 ||    13
 Cast: Corona            |     1 |       ||     1
       Ensorcelled Hiber |     6 |    21 ||    27
       Confuse           |       |     4 ||     4
       Dazzling Spray    |       |     1 ||     1
  Use: Scroll            |       |     5 ||     5
       Potion            |       |     2 ||     2
 Stab: Sleeping          |    17 |    12 ||    29
       Confused          |       |     3 ||     3
  Eat: Chunk             |     4 |     7 ||    11
       Ration            |       |     1 ||     1
Armor: Robe              |    54 |   111 ||   165
       Skin              |       |     4 ||     4
Dodge: Dodged            |   101 |   194 ||   295
